 Dungeon Crawl Stone Soup version 0.30.0-2-g1aa4bd4387 (webtiles) character file.

Game seed: 11438645508132103827

5098 Jarnaxa the Carver (level 10, 0/88 HPs)
             Began as a Minotaur Fighter on May 7, 2023.
             Was a Believer of Makhleb.
             Slain by a skeletal warrior
             ... wielding a +0 scimitar
              (10 damage)
             ... on level 9 of the Dungeon.
             The game lasted 00:19:43 (8919 turns).

Jarnaxa the Carver (Minotaur Fighter)               Turns: 8919, Time: 00:19:43

Health: 0/88       AC: 15    Str: 25    XL:     10   Next: 32%
Magic:  12/12      EV: 15    Int:  5    God:    Makhleb [**....]
Gold:   172        SH:  6    Dex: 16    Spells: 9/9 levels left

rFire   + . .        f - +4 double sword (distort)
rCold   . . .        c - +0 buckler
rNeg    . . .        C - +1 chain mail {rF+}
rPois   .            (helmet restricted)
rElec   .            A - +0 cloak
rCorr   .            u - +1 pair of gloves
SInv    .            (no boots)
Will    .....        (no amulet) Stlth
                     k - +6 ring of dexterity
HPRegen 0.34/turn    y - +5 ring of evasion
MPRegen 0.13/turn

%: no passive effects
@: mighty, on berserk cooldown, hasted and slowed
A: horns 2, retaliatory headbutt
a: Renounce Religion, Minor Destruction


You were on level 9 of the Dungeon.
You worshipped Makhleb.
Makhleb was pleased with you.
You visited 2 branches of the dungeon, and saw 10 of its levels.
You also visited: Ossuary.

You collected 497 gold pieces.
You spent 325 gold pieces at shops.

Inventory:

Hand Weapons
 a - a +2 long sword of chaos
 f - a +4 double sword of distortion (weapon)
Armour
 b - a +1 scale mail
 c - a +0 buckler (worn)
 u - a +1 pair of gloves (worn)
 A - a +0 cloak (worn)
 C - a +1 chain mail of fire resistance (worn)
Jewellery
 k - a +6 ring of dexterity (left hand)
 y - a +5 ring of evasion (right hand)
Wands
 t - a wand of paralysis (16)
Scrolls
 d - 2 scrolls of brand weapon
 i - a scroll of enchant weapon
 j - 2 scrolls of noise
 l - 3 scrolls of fear
 m - 3 scrolls of teleportation
 o - a scroll of fog
 q - 2 scrolls of silence {unknown}
 s - a scroll of summoning
 v - a scroll of identify
Potions
 g - 4 potions of resistance
 h - a potion of berserk rage
 n - 3 potions of brilliance
 p - 2 potions of invisibility
 r - 2 potions of mutation
 w - 2 potions of curing
 x - 3 potions of magic
 z - a potion of ambrosia {unknown}
 B - a potion of haste


   Skills:
 + Level 8.2 Fighting
 + Level 11.3 Long Blades
 + Level 8.7 Armour
 + Level 4.3 Dodging
 + Level 1.5 Stealth
 + Level 6.9 Shields
 * Level 4.3 Invocations


You had 9 spell levels left.
You didn't know any spells.
Your spell library contained the following spells:

 Spells                   Type           Power      Damage    Failure   Level
 Sting                    Tmut/Pois      0%         1d3       95%         1
 Poisonous Vapours        Pois/Air       0%         N/A       99%         2
 Sublimation of Blood     Necr           0%         N/A       99%         2
 Frozen Ramparts          Ice            0%         1d1       100%        3
 Anguish                  Hex/Necr       0%         N/A       100%        4
 Cause Fear               Hex            0%         N/A       100%        4
 Ice Form                 Ice/Tmut       0%         N/A       100%        4
 Olgreb's Toxic Radiance  Pois           0%         N/A       100%        4
 Petrify                  Tmut/Erth      0%         N/A       100%        4
 Summon Ice Beast         Ice/Summ       0%         N/A       100%        4
 Blade Hands              Tmut           0%         N/A       100%        5
 Irradiate                Conj/Tmut      0%         3d11      100%        5
 Dragon Form              Tmut           0%         N/A       100%        7
 Enfeeble                 Hex            0%         N/A       100%        7


Dungeon Overview and Level Annotations

Branches:
Dungeon (9/15)             Temple (1/1) D:6         Ossuary (visited)
   Lair: D:8-11         Orc: D:9-12

Altars:
Ashenzari
Dithmenos
Elyvilon
Fedhas
Gozag
Hepliaklqana
Kikubaaqudgha
Makhleb
Nemelex Xobeh
Okawaru
Qazlal
Ru
Sif Muna
Trog
Uskayaw
Vehumet
Wu Jian
Xom
Zin
The Shining One

Shops:
D:1 =   D:5 =*   D:6 :   D:8 **


Innate Abilities, Weirdness & Mutations

You have a pair of horns on your head.
You reflexively headbutt those who attack you in melee.


Message History

You destroy the skeletal warrior!
Makhleb accepts your kill.
You feel better.
The skeletal warrior hits you with a +0 hand axe!
The skeletal warrior hits you with a +0 scimitar.
You feel much better.
The skeletal warrior hits you with a +0 hand axe!!
The skeletal warrior completely misses you.
You slash the skeletal warrior!
Space warps horribly around the skeletal warrior!
The skeletal warrior is heavily damaged.
The skeletal warrior hits you with a +0 hand axe!!
* * * LOW HITPOINT WARNING * * *
The skeletal warrior hits you with a +0 scimitar!
* * * LOW HITPOINT WARNING * * *
You feel very mighty all of a sudden.
The skeletal warrior hits you with a +0 hand axe.
* * * LOW HITPOINT WARNING * * *
You block the skeletal warrior's attack.
You feel better.
The skeletal warrior closely misses you.
The skeletal warrior barely misses you. You furiously retaliate!
You headbutt the skeletal warrior. You slash the skeletal warrior!
Space warps around the skeletal warrior.
The skeletal warrior is severely damaged.
You block the skeletal warrior's attack. x2
You slash the skeletal warrior!
The skeletal warrior is almost destroyed.
The skeletal warrior hits you with a +0 scimitar!
* * * LOW HITPOINT WARNING * * *
The skeletal warrior closely misses you.
You barely miss the skeletal warrior.
The skeletal warrior is almost destroyed.
The skeletal warrior barely misses you. You furiously retaliate!
You headbutt the skeletal warrior. The skeletal warrior barely misses you.
You barely miss the skeletal warrior.
The skeletal warrior is almost destroyed.
The skeletal warrior hits you with a +0 scimitar!
You die...

########################
..........>......z......
#..#..#..#..###.@z......
#..#..#.....###.)##.....
................... #+##
.................###
....#..##......#.#
....#..##......#.#
.......##..#...#.# .
.................#
#########.
#+##.............
#........#


You could see 2 skeletal warriors.

Vanquished Creatures
  A skeletal warrior (D:9)
  Maggie (D:9)
  2 wyverns
  An acid dragon (D:8)
  5 orc warriors
  2 sky beasts (D:7)
  An ice beast (D:7)
  3 black bears
  An ogre (D:6)
  A phantom (D:5)
  2 kobold brigands
  A scorpion (D:2)
  2 bullfrogs
  A wight (Ossuary)
  A water moccasin zombie (Ossuary)
  A howler monkey (D:7)
  2 electric eels (D:7)
  7 hounds
  2 sleepcaps
  5 bullfrog zombies (Ossuary)
  A centaur zombie (Ossuary)
  9 orc priests
  4 iguanas
  11 orc wizards
  6 gnolls
  8 adders
  2 shadow imps
  3 white imps (D:7)
  3 adder zombies (Ossuary)
  2 worms (D:2)
  3 dart slugs
  33 orcs
  8 endoplasms
  6 giant cockroaches
  8 goblins
  4 hobgoblins
  11 jackals
  4 quokkas
  6 ball pythons
  13 bats
  5 frilled lizards
  5 gnoll zombies (Ossuary)
  3 goblin zombies (Ossuary)
  2 hobgoblin zombies (Ossuary)
  16 kobolds
  An orc zombie (Ossuary)
  4 rats
223 creatures vanquished.

Vanquished Creatures (others)
  2 orc wizards
  An orc zombie (D:6)
  A plant (D:7)
4 creatures vanquished.

Grand Total: 227 creatures vanquished

Notes
Turn   | Place    | Note
-------+----------+-------------------------------------------
     0 | D:1      | Jarnaxa the Minotaur Fighter began the quest for the Orb.
     0 | D:1      | Reached XP level 1. HP: 19/19 MP: 0/0
   100 | D:1      | Reached XP level 2. HP: 27/27 MP: 1/1
   128 | D:1      | Found Wacow's Jewellery Boutique.
   351 | D:1      | Reached XP level 3. HP: 33/33 MP: 2/2
   355 | D:1      | Reached skill level 3 in Long Blades
  1046 | D:2      | Reached XP level 4. HP: 33/41 MP: 3/3
  1335 | D:2      | Noticed a scorpion
  1338 | D:2      | Killed a scorpion
  1339 | D:2      | Reached skill level 4 in Long Blades
  1339 | D:2      | Reached skill level 1 in Dodging
  1445 | D:2      | Reached XP level 5. HP: 46/47 MP: 4/4
  1836 | D:3      | Found a shimmering blue altar of Sif Muna.
  1944 | D:3      | Noticed a black bear
  1950 | D:3      | Killed a black bear
  2138 | D:3      | Reached skill level 5 in Long Blades
  2138 | D:3      | Reached XP level 6. HP: 55/55 MP: 5/5
  2870 | D:4      | Reached skill level 5 in Armour
  3085 | D:4      | Found a blossoming altar of Fedhas.
  3512 | D:5      | Entered Level 5 of the Dungeon
  3539 | D:5      | Found Jocw's Jewellery Shoppe.
  3669 | D:5      | Reached skill level 5 in Fighting
  3673 | D:5      | Found a sand-covered staircase.
  3678 | Ossuary  | Entered an ossuary
  3747 | Ossuary  | Reached skill level 6 in Long Blades
  3747 | Ossuary  | Reached XP level 7. HP: 60/61 MP: 6/6
  3804 | Ossuary  | Reached skill level 5 in Shields
  3909 | Ossuary  | Reached skill level 7 in Long Blades
  3909 | Ossuary  | Noticed a silent spectre
  4225 | D:5      | Found a sacrificial altar of Ru.
  4406 | D:5      | Found Exzyeneo's Overcharged Wands.
  4425 | D:5      | Reached XP level 8. HP: 49/70 MP: 7/7
  5172 | D:6      | Found a hide-covered altar of Uskayaw.
  5206 | D:6      | HP: 2/70 [orc warrior/+0 trident (2)]
  5212 | D:6      | Reached skill level 8 in Long Blades
  5425 | D:6      | Reached skill level 1 in Stealth
  5860 | D:6      | Identified the +1 hand axe "Binne" {flame, rN+ Dex+2}
  5903 | D:6      | Identified the +4 war axe "Laidwot" {heavy, rPois rC+ Int-2
                  | Stlth+}
  5908 | D:6      | Found a staircase to the Ecumenical Temple.
  5923 | D:6      | Found Tikluih's Book Shoppe.
  5940 | Temple   | Entered the Ecumenical Temple
  6128 | Temple   | Became a worshipper of Makhleb the Destroyer
  6340 | D:7      | Reached skill level 9 in Long Blades
  6345 | D:7      | Reached XP level 9. HP: 64/79 MP: 8/8
  6425 | D:7      | Found a shimmering altar of Xom.
  6426 | D:7      | Found an opulent altar of Gozag.
  6638 | D:7      | Reached skill level 1 in Invocations
  6958 | D:7      | Identified a scroll of acquirement
  6958 | D:7      | Acquired a +4 double sword of distortion
  7094 | D:7      | Found a white marble altar of Elyvilon.
  7543 | D:7      | Found a stormy altar of Qazlal.
  7562 | D:7      | Reached * piety under Makhleb
  7649 | D:7      | Reached skill level 10 in Long Blades
  7905 | D:8      | Found Ea-nāṣir's Fine Metal Goods.
  8216 | D:8      | Found Fiamuin's Assorted Antiques.
  8220 | D:8      | Bought a twisted bronze ring for 130 gold pieces
  8220 | D:8      | Bought a glowing chain mail for 195 gold pieces
  8309 | D:8      | Noticed a cyclops
  8314 | D:8      | Banished a cyclops
  8549 | D:9      | Found a shadowy altar of Dithmenos.
  8559 | D:9      | Reached XP level 10. HP: 88/88 MP: 11/11
  8662 | D:9      | Reached ** piety under Makhleb
  8787 | D:9      | Noticed Maggie
  8793 | D:9      | Killed Maggie
  8794 | D:9      | Reached skill level 11 in Long Blades
  8896 | D:9      | Noticed a skeletal warrior
  8899 | D:9      | Noticed a skeletal warrior
  8904 | D:9      | Noticed a skeletal warrior
  8911 | D:9      | Killed a skeletal warrior
  8919 | D:9      | Slain by a skeletal warrior

Illustrated notes

Levels and vault maps discovered:
D:1:      sevenhm_arrival_forest_fort_small_6, layout_loops_ring, serial_shops,
          shop
D:2:      layout_loops_ring, serial_aquarium, aquarium_bridge_straight
          [aquarium_subvault_bridge, aquarium_subvault_balcony,
          aquarium_subvault_bridge, aquarium_subvault_wall],
          aquarium_bridge_straight [aquarium_subvault_bridge,
          aquarium_subvault_window, aquarium_subvault_bridge,
          aquarium_subvault_wall], aquarium_window_fake,
          aquarium_window_corridor_1, aquarium_view_2c, aquarium_balcony_3a
D:3:      layout_loops_cross, lemuel_blue_sif_altar
D:4:      minmay_door_path, layout_loops_corners, fedhas_altar_4,
          nicolae_elevator_lobby_plus
D:5:      layout_basic, nicolae_ru_great_annihilating_truth, enter_ossuary_2,
          serial_shops, shop, minmay_statues_item,
          nicolae_shop_overcharged_wands
D:6:      layout_basic, nicolae_uskayaw_murder_on_the_dancefloor,
          minmay_temple_entry_fiery, serial_shops, nicolae_shop_stone
D:7:      layout_gridville, nicolae_elyvilon_temple_path, lemuel_doored_altar,
          gammafunk_temple_overflow_statue, st_stairs_9, minmay_crystal_water
D:8:      layout_basic, serial_shops, shop, nicolae_ea-nasir_strikes_again
D:9:      layout_stronghold, grunt_dithmenos_smoke_and_mirrors, uniq_maggie
Temple:   bh_familiar_temple

Skill      XL: |  1  2  3  4  5  6  7  8  9 10 |
---------------+-------------------------------+-----
Fighting       | 4 5 6 7 8 |  8.2
Armour         | 4 5 6 7 8 |  8.7
Long Blades    | 3 4 5 6 7 9 10 11 | 11.3
Shields        | 4 5 6 |  6.9
Dodging        | 1 2 3 4 |  4.3
Stealth        | 1 |  1.5
Invocations    | 3 4 |  4.3

Action                     |  1- 3 |  4- 6 |  7- 9 | 10-12 || total
---------------------------+-------+-------+-------+-------++-------
  Melee: Long sword        |   106 |   114 |   230 |       ||   450
         Headbutt          |    15 |    20 |    67 |     5 ||   107
         Double sword      |       |       |    69 |    34 ||   103
    Use: Scroll            |       |     6 |    21 |       ||    27
         Potion            |       |       |     4 |     5 ||     9
 Armour: Scale mail        |    46 |    49 |   110 |       ||   205
         Chain mail        |       |       |     5 |    19 ||    24
  Dodge: Dodged            |    53 |    50 |   165 |    33 ||   301
  Block: Buckler           |    14 |    39 |    66 |    10 ||   129
